[Event "GCT Superbet Rapid Poland 2025"]
[Site "Warsaw"]
[Date "2025.04.28"]
[Round "7.5"]
[White "Aronian, Levon"]
[Black "Topalov, Veselin"]
[Result "1-0"]
[ECO "C55"]
[WhiteElo "2747"]
[BlackElo "2717"]
[Annotator "TA"]
[PlyCount "73"]
[EventDate "2025.??.??"]
[EventType "rapid"]
[TimeControl "1500+10"]

1. e4 e5 2. Nf3 Nc6 3. Bc4 Nf6 4. d3 h6 5. O-O d6 6. a4 g5 {[%emt 0:01:52][%cal Bg7g5,Bg5g4][%mdl 32] C55: Two Knights: 4 d3, 4 d4 exd4 5 e5 and Max Lange Attack.} 7. Nc3 Bg7 8. Ne2 $146 (8. a5 a6 9. Be3 O-O 10. h3 g4 11. hxg4 Bxg4 12. Qd2 Bxf3 13. gxf3 Nh5 14. Kg2 {1-0 Tabatabaei,M (2695)-Pranesh,M (2582) Qatar Masters op-A 2024 (6)}) ({RR} 8. a5 a6 9. Re1 O-O 10. h3 Ne7 11. Nh2 Kh8 12. Ng4 Nh7 13. Nd5 Nxd5 14. Bxd5 c6 15. Bb3 f5 16. exf5 Bxf5 17. Be3 Qe8 18. d4 e4 19. d5 c5 20. c3 Qg6 21. Bc2 h5 22. Nh2 g4 {Arjun,K (2513)-Kamalidenova,M (2384) Dubai 2022 1-0 (55)}) ({RR} 8. a5 a6 9. Nd5 O-O 10. Ne3 Ne7 11. h4 g4 12. Nh2 h5 13. g3 c6 14. f3 d5 15. Bb3 gxf3 16. Qxf3 dxe4 17. dxe4 Qd4 18. Ra4 Qc5 19. Bd2 Qd6 20. Bb4 c5 21. Bc3 c4 22. Bxc4 Bh3 {Svidler,P (2737)-Matlakov,M (2700) St Petersburg 2018 1-0 (33)}) ({RR} 8. Be3 Be6 9. a5 Bxc4 10. dxc4 a6 11. Re1 O-O 12. Nd2 Nd4 13. Nf1 Nd7 14. Ng3 f5 15. exf5 Nxf5 16. Qd5+ Kh8 17. Nxf5 Rxf5 18. Qxb7 Rb8 19. Qxa6 Rxb2 20. Qc6 e4 21. Qxe4 Bxc3 22. Qxf5 Bxe1 {Giri,A (2737)-Roebers,J (2127) Delft NED 2025 1-0}) ({RR} 8. Re1 O-O 9. h3 Be6 10. a5 a6 11. Bxe6 fxe6 12. Ne2 Qe8 13. Ng3 Nh5 14. Nxh5 Qxh5 15. c3 Ne7 16. Nh2 Qf7 17. Rf1 Kh8 18. b4 Ng8 19. Rb1 Nf6 20. Qe2 Qd7 21. Bd2 Rad8 22. Rfd1 Qe8 {Liang,J (2529)-Mardov,D (2445) Los Angeles USA 2023 ½-½ (71)}) ({RR} 8. a5 a6 9. Nd5 Nxd5 10. Bxd5 Ne7 11. Ba2 Bg4 12. c3 Qd7 13. Qb3 O-O 14. Nd2 Kh8 15. Nc4 Be6 16. Qc2 f5 17. Re1 f4 18. d4 Ng6 19. dxe5 Bxc4 20. Bxc4 Nxe5 21. Bf1 f3 22. g3 Qf7 {Kleiman,J (2399)-Indjic,A (2600) chess.com INT 2024 0-1 (46)}) 8... g4 {[%emt 0:01:21] White has an edge.} 9. Ne1 d5 10. exd5 Nxd5 11. f4 Qd6 (11... gxf3 $1 $11 12. Nxf3 Be6) 12. c3 $14 Bd7 13. fxe5 Nxe5 (13... Bxe5 $14 {is more appropriate.} 14. g3 Qc5+ 15. Kh1 O-O-O) 14. Bxd5 Qxd5 15. Nf4 {[%emt 0:00:02] Repels Ng6} Qa5 {[%emt 0:00:39] A sharp opening} (15... Qd6 $16) 16. d4 $18 Nc6 17. Qe2+ Kd8 18. Qf2 Kc8 19. Ned3 b6 {[%emt 0:00:18] Prevents Nc5.} 20. b4 Qf5 {[%emt 0:00:07] [#]} 21. a5 $1 Re8 (21... Rb8 22. Be3) 22. Be3 Rb8 23. Qd2 Nd8 24. Rac1 Nb7 (24... Ne6 {was worth a try.} 25. Ne2 Qg6) 25. c4 bxa5 (25... Nd6 $142 26. axb6 (26. Nd5 Qe4 $16) 26... axb6) 26. Nd5 Qe6 27. N3f4 (27. bxa5 f5 28. Qc3 Bc6 $18) 27... Qe4 28. Nh5 {[%emt 0:00:10] Excellent horsemanship.} (28. bxa5 Nd6 $18) 28... Bh8 29. Rce1 (29. Bxh6 Qxd4+ 30. Kh1 Qxd2 31. Bxd2 Nd6 $16) (29. bxa5 Nd6 $18) (29. Rxf7 Qg6 30. Rcf1 Nd6 31. Ne7+ (31. Rxd7 Kxd7 32. Nhf6+ Bxf6 $16) 31... Rxe7 32. Rxe7 Nxc4 $16) 29... Nd6 30. Nhf6 (30. bxa5 $2 Nxc4 31. Qc1 Qxd5 $19) 30... Nxc4 31. Qc3 (31. Nxe4 Nxd2 32. Nxd2 (32. Bxd2 Bxd4+ 33. Kh1 axb4 $14) 32... Rb5 $14) 31... Bxf6 32. Nxf6 (32. Qxc4 Bd8 33. Bf4 (33. Rxf7 Rb7 $17) (33. bxa5 $2 Bb5 $19) 33... Bb5 (33... Qxe1 34. Nxc7 $18) 34. Rxe4 Bxc4 35. Rxe8 Bxd5 $16) 32... Qc6 33. Nxe8 (33. bxa5 Rxe3 34. Rxe3 Nxe3 35. Qxe3 Qd6 $11) 33... Bxe8 34. bxa5 Qd5 35. Bf4 (35. Rf2 $18 {and White stays clearly on top.}) 35... Bc6 $2 (35... Rb2 $16 36. Rxe8+ Kd7) 36. Rf2 {[%emt 0:00:02] And now Rc2 would win.} (36. Bxh6 $2 Qxg2#) 36... Rb5 37. a6 {[%emt 0:00:36] Weighted Error Value: White=0.25 (precise) /Black=0.37 Loses game: 	--- 	Black=1 Mistake: 	White=2 	Black=5 Inaccurate: 	White=1 	Black=2 OK: 	White=13 	Black=11 Best: 	White=2 	---} ({Weaker is} 37. Bxh6 Nxa5 38. Bf4 f6 $18) 1-0

[Event "GCT Superbet Rapid Poland 2025"]
[Site "Warsaw"]
[Date "2025.04.28"]
[Round "8.1"]
[White "Vachier-Lagrave, Maxime"]
[Black "Aravindh, Chithambaram VR."]
[Result "1-0"]
[ECO "C88"]
[WhiteElo "2722"]
[BlackElo "2749"]
[Annotator "TA"]
[PlyCount "73"]
[EventDate "2025.??.??"]
[EventType "rapid"]
[TimeControl "1500+10"]

1. e4 e5 2. Nf3 Nc6 3. Bb5 a6 4. Ba4 Nf6 5. O-O Be7 6. Re1 b5 7. Bb3 O-O 8. h3 Bb7 9. d3 d6 {[%emt 0:00:12] 9...d5 gains popularity. C88: Closed Ruy Lopez: Anti-Marshall Systems.} 10. a4 Nd7 ({RR} 10... Na5 11. Ba2 c5 12. Nbd2 Qc7 13. Nf1 b4 14. Bd2 Bc8 15. Ne3 Be6 16. Nf5 Nc6 17. c3 Bxa2 18. Rxa2 bxc3 19. bxc3 Rfb8 20. d4 Bf8 21. dxc5 dxc5 22. Bg5 Ne8 23. Ne3 Nd6 24. Nd5 Qb7 25. Nd2 {Vachier Lagrave,M (2718)-Carlsen,M (2832) chess.com INT 2024 1-0 (52)}) 11. Be3 Kh8 $146 {[%emt 0:01:14] The position is equal.} (11... Nc5 12. Bxc5 dxc5 13. Bd5 Qd6 14. Nc3 b4 15. Ne2 Nd8 16. Bxb7 Nxb7 17. Ng3 f6 {1-0 Bacrot,E (2684)-Gordon,F (2356) Titled Tuesday intern op 21st May Early blitz 2024 (7)}) ({RR} 11... Nc5 12. Bxc5 dxc5 13. Bd5 Qd6 14. Nc3 b4 15. Ne2 Nd8 16. Bxb7 Nxb7 17. Ng3 f6 18. Nd2 Na5 19. Nf5 Qd8 20. Qg4 g6 21. b3 Kh8 22. Ne3 Bd6 23. Ndc4 Nxc4 24. Nxc4 Qc8 25. Qxc8 Raxc8 26. g3 {Bacrot,E (2684)-Waldhausen Gordon,F (2356) chess.com INT 2024 1-0 (69)}) ({RR} 11... Nc5 12. Bxc5 dxc5 13. Bd5 Qd6 14. Nc3 b4 15. Ne2 Nd8 16. Bxb7 Nxb7 17. Ng3 f6 18. Nd2 Na5 19. Nf5 Qd8 20. Qg4 g6 21. b3 Kh8 22. Ne3 Bd6 23. Ndc4 Nxc4 24. Nxc4 Qc8 25. Qxc8 Raxc8 26. g3 {Bacrot,E (2684)-Waldhausen Gordon,F (2356) chess.com INT 2024 1-0 (69)}) ({RR} 11... Nc5 12. Bxc5 dxc5 13. Bd5 Qd6 14. Nc3 b4 15. Ne2 Nd8 16. Bxb7 Nxb7 17. Ng3 f6 18. Nd2 Na5 19. Nf5 Qd8 20. Qg4 g6 21. b3 Kh8 22. Ne3 Bd6 23. Ndc4 Nxc4 24. Nxc4 Qc8 25. Qxc8 Raxc8 26. g3 {Bacrot,E (2684)-Waldhausen Gordon,F (2356) chess.com INT 2024 1-0 (69)}) 12. axb5 axb5 13. Rxa8 Bxa8 14. Nc3 Na5 15. Ba2 f5 16. exf5 {[%emt 0:04:36] White is more active.} Rxf5 17. Nd5 c5 18. Nd2 Rf8 19. Ne4 b4 20. c3 Bxd5 21. Bxd5 Nb6 {[%emt 0:00:07] [#]} 22. Ba2 Nc6 23. Qg4 Qa8 24. Be6 bxc3 25. bxc3 d5 26. Ng5 ({Don't play} 26. Bxc5 $6 Bxc5 27. Nxc5 Qa5 $11) ({Better is} 26. Rb1 $18 Qa7 27. Nxc5 (27. Bxc5 Bxc5 28. Nxc5 h6 $18)) 26... Bxg5 27. Bxg5 {[%emt 0:00:01] [#] Rb1 is the strong threat. This pair of bishops is nice.} Qa5 $2 {[%emt 0:00:35] Loses the game.} (27... Qe8 $16 {is a better defense.}) 28. Rb1 $18 c4 (28... Qa7 $142 29. Qh5 Na4) 29. dxc4 d4 $2 (29... e4 30. Qg3 (30. cxd5 Nxd5 31. Rb7 Nc7 $18) 30... e3) 30. Qe4 Nd8 31. Bxd8 Rxd8 32. cxd4 exd4 {[%emt 0:00:04] Black is weak on the light squares} 33. Rb5 Qa7 34. Rh5 h6 35. Qe5 Kh7 36. Bf5+ Kg8 37. Qe6+ {[%emt 0:00:11] Weighted Error Value: White=0.13 (very precise) /Black=0.65 Loses game: 	--- 	Black=1 Mistake: 	White=1 	Black=2 Inaccurate: 	White=3 	Black=4 OK: 	White=8 	Black=4 Best: 	White=1 	Black=2} 1-0

[Event "GCT Superbet Rapid Poland 2025"]
[Site "Warsaw"]
[Date "2025.04.28"]
[Round "8.2"]
[White "Fedoseev, Vladimir"]
[Black "Aronian, Levon"]
[Result "1/2-1/2"]
[ECO "A32"]
[WhiteElo "2739"]
[BlackElo "2747"]
[Annotator "TA"]
[PlyCount "54"]
[EventDate "2025.??.??"]
[EventType "rapid"]
[TimeControl "1500+10"]

1. d4 Nf6 2. c4 e6 3. g3 c5 4. Nf3 cxd4 5. Nxd4 Qc7 6. Nc3 a6 7. Bg5 Bb4 {[%emt 0:01:18] is the legacy move (7...Be7). A32: Symmetrical English: 2 Nf3 Nf6 3 d4 cxd4 4 Nxd4 e6.} 8. Bg2 ({RR} 8. Bxf6 Bxc3+ 9. bxc3 gxf6 10. Bg2 d6 11. O-O Nd7 12. Qd2 O-O 13. Qh6 Qd8 14. g4 Nc5 15. Nb3 Kh8 16. Rad1 Qe7 17. Rd2 Rg8 18. Rfd1 e5 19. Rxd6 Nxb3 20. axb3 Bxg4 21. Kh1 Be6 22. Qe3 a5 {Gelfand,B (2700)-Tolnai,T (2450) Austria 1996 1-0 (34)}) ({RR} 8. Bxf6 gxf6 9. Qd3 d6 10. Bg2 Nd7 11. f4 Nb6 12. Nc2 Bxc3+ 13. Qxc3 Qxc4 14. Qxf6 Rg8 15. Ne3 Qc5 16. Kf2 Nc4 17. Qc3 d5 18. b3 Qxe3+ 19. Qxe3 Nxe3 20. Kxe3 Bd7 21. Rac1 Bc6 22. Kd4 Ke7 {Pulpan,J (2218)-Hansen,M (2350) Pardubice 2014 1-0 (48)}) 8... Bxc3+ $146 (8... Qxc4 9. O-O Nc6 10. Nxc6 dxc6 11. Rc1 O-O 12. Ne4 Qb5 13. Nxf6+ gxf6 14. Bxf6 Qf5 15. Qd4 Re8 16. Qh4 h5 17. Rc4 {1-0 Rotstein,A (2490)-Dizdarevic,E (2465) Cannes op 1995 (9)}) ({RR} 8... Qxc4 9. O-O Nc6 10. Nxc6 dxc6 11. Rc1 O-O 12. Ne4 Qb5 13. Nxf6+ gxf6 14. Bxf6 Qf5 15. Qd4 Re8 16. Qh4 h5 17. Rc4 {1-0 (17) Rotstein,A (2490)-Dizdarevic,E (2465) Cannes 1995}) 9. bxc3 Qxc4 {[%emt 0:00:06] White is slightly better.} 10. O-O d5 {[%emt 0:00:27] [#]} 11. e4 $1 dxe4 12. Bxf6 $1 gxf6 13. Bxe4 {[%emt 0:00:02] White sacrificed a pawn} Nd7 14. Re1 Qc5 15. Rb1 O-O 16. Bxb7 Rb8 17. Nb3 Qc7 18. Bg2 Bb7 19. Bxb7 {[%emt 0:00:17] Successful Defense White} Rxb7 20. Qg4+ Kh8 21. Re3 Rb5 22. Rd1 Qb7 23. c4 Rf5 24. Nd4 {[%emt 0:00:56] Active counter play!} Rc5 25. Nb3 {[%emt 0:00:05][%cal Od1d7] [#]} Rf5 $1 26. Nd4 Rc5 27. Nb3 {[%emt 0:00:37][%cal Od1d7] Hoping for Rxd7!.} Rf5 $1 {[%emt 0:00:09] Weighted Error Value: White=0.10 (very precise) /Black=0.04 (flawless) Inaccurate: 	White=1 	Black=1 OK: 	White=6 	Black=8 Best: 	White=1 	--- Strong: 	White=1 	Black=2} 1/2-1/2

[Event "GCT Superbet Rapid Poland 2025"]
[Site "Warsaw"]
[Date "2025.04.28"]
[Round "8.3"]
[White "Gavrilescu, David"]
[Black "Praggnanandhaa R"]
[Result "0-1"]
[ECO "B27"]
[WhiteElo "2554"]
[BlackElo "2758"]
[Annotator "RC"]
[PlyCount "50"]
[EventDate "2025.??.??"]
[EventType "rapid"]
[TimeControl "1500+10"]

1. e4 c5 2. Nf3 g6 3. d4 cxd4 4. Qxd4 Nf6 5. Nc3 Nc6 6. Qa4 d6 7. e5 Ng4 8. exd6 Qxd6 9. h3 Nge5 {[%emt 0:02:08] The position is equal.} 10. Nxe5 Qxe5+ 11. Be2 {[%emt 0:00:33] Hoping for Bf4.} Bg7 12. Bf4 Qc5 $146 ({RR} 12... Qd4 13. Bb5 Qxa4 14. Nxa4 O-O 15. Bxc6 bxc6 16. O-O-O Bf5 17. Rhe1 Rfe8 18. g4 Bc8 19. Be5 Bh6+ 20. Kb1 f6 21. Bxf6 {[#]} Kf7 $2 (21... Bxg4 $1 $11 22. hxg4 exf6) 22. Bc3 Be6 23. Bd2 Bg7 24. Re4 Rab8 25. c4 h5 26. b3 Rbd8 27. Kc2 {Shyam,N (2453)-Rottenwohrer Suarez,J (2230) Chess.com INT 2021 1-0 (79)}) ({RR} 12... Qd4 13. Bb5 Qxa4 14. Bxa4 {And now Nd5 would win.} O-O 15. O-O-O Bxc3 16. bxc3 Be6 17. Bb3 Na5 18. Bxe6 fxe6 19. Be3 Rac8 20. Bxa7 (20. Rd7 $5 ) 20... Rxc3 21. Bd4 Rc6 22. Rhe1 Nc4 23. Re2 Ra8 24. Kb1 Na3+ 25. Kb2 Ra5 26. Rd3 Nc4+ 27. Kb1 {Sedina,E (2394)-Wirthensohn,H (2401) Switzerland 2006 ½-½}) 13. O-O O-O 14. Be3 Bd4 15. Bxd4 Nxd4 16. Bd3 Rd8 17. Ne4 Qc7 18. Rad1 Bf5 19. Nc3 Be6 20. Nb5 Qc5 21. c3 Nf3+ 22. Kh1 $2 {[%eval -294,24] [%wdl 0,0,1000] [%emt 0:02:45] [#]} (22. gxf3 $17 {[%eval -123,27] [%wdl 0,238,762] was the only defense.} Bxh3 23. Qf4 (23. f4 $2 Qh5 $19) 23... Bxf1 24. Kxf1) 22... Qe5 $1 23. gxf3 {[%emt 0:00:47] Qh4 is the strong threat.} Bxh3 24. Nd4 $2 (24. Rfe1 Qh5 25. Be2 Bf1+ 26. Kg1 Bxe2 27. Rxe2 (27. Rxd8+ $2 Rxd8 28. Rxe2 Rd5 $17) 27... Rxd1+ 28. Qxd1 Qxb5 29. Qd2) 24... Qh5 $19 {[%emt 0:00:05] Strongly threatening ...Rxd4.} ({Inferior is} 24... Bxf1 25. Bxf1 Qf4 26. Qb3 $17) 25. Qb5 {[%emt 0:00:12] aiming for Qxh5.} Rd5 {[%emt 0:00:05] Weighted Error Value: White=0.49/Black=0.07 (flawless)} 0-1

[Event "GCT Superbet Rapid Poland 2025"]
[Site "Warsaw"]
[Date "2025.04.28"]
[Round "8.4"]
[White "Firouzja, Alireza"]
[Black "Topalov, Veselin"]
[Result "1-0"]
[ECO "C55"]
[WhiteElo "2757"]
[BlackElo "2717"]
[Annotator "TA"]
[PlyCount "39"]
[EventDate "2025.??.??"]
[EventType "rapid"]
[TimeControl "1500+10"]

1. e4 e5 2. Nf3 Nc6 3. Bc4 Nf6 4. d3 h6 5. c3 g5 6. d4 {[%emt 0:00:53] C55: Two Knights: 4 d3, 4 d4 exd4 5 e5 and Max Lange Attack.} exd4 ({RR} 6... d6 7. dxe5 dxe5 8. Qxd8+ Nxd8 9. Nxe5 Nxe4 10. O-O Be6 11. Re1 Nd6 12. Bd3 Bg7 13. f4 gxf4 14. Bxf4 O-O 15. Nd2 Bd5 16. Nd7 Re8 17. Bxd6 Rxe1+ 18. Rxe1 cxd6 19. Re8+ {1-0 (19) Fiorito,J (2411)-Marchesich,G (2220) chess.com INT 2025}) 7. e5 d5 8. Bb5 {[%emt 0:01:10][%cal Of3d4] White is slightly better.} Ne4 9. O-O $146 (9. Nxd4 Bd7 10. O-O Nxe5 11. f3 Nd6 12. Re1 f6 13. Bd3 Qe7 14. Bg6+ Ndf7 15. Nf5 Bxf5 16. Bxf5 {0-1 Donchenko,A (2658)-Ponkratov,P (2628) Speed Chess Super Swiss blitz 2020 (12)}) ({RR} 9. Nxd4 Bd7 10. e6 fxe6 11. Bxc6 Bxc6 12. f3 Nf6 13. Qe2 Qe7 14. Nxe6 Kf7 15. Nxf8 Qxe2+ 16. Kxe2 Re8+ 17. Kf2 Rhxf8 18. Be3 Kg6 19. Bd4 Bb5 20. Na3 Re2+ 21. Kg1 Bd3 22. Rd1 Ne4 23. h3 Nd2 {Hercegovac,N (2224)-Liloni,F (1951) Palmanova ITA 2022 0-1 (45)}) ({RR} 9. Nxd4 Bd7 10. e6 fxe6 11. Qh5+ Ke7 12. Bxc6 bxc6 13. f3 Nf6 14. Bxg5 Bg7 15. Bh4 c5 16. Ne2 Be8 17. Qe5 Qd6 18. Qe3 Kf7 19. Bg3 Qb6 20. Nf4 Qxb2 21. Qxe6+ Kf8 22. O-O Qxa1 23. Nxd5 Nxd5 {Isgandarova,K (2124)-Mahmutbegovic,N (1973) Budapest HUN 2024 1-0 (36)}) ({RR} 9. Nxd4 Bd7 10. Bxc6 bxc6 11. O-O Bg7 12. f3 Nc5 13. f4 Qe7 14. Be3 gxf4 15. Bxf4 Bxe5 16. Bxe5 Qxe5 17. Qf3 O-O-O 18. Nd2 Qg5 19. b4 Ne6 20. N2b3 Rhg8 21. Rf2 Rde8 22. Nxe6 fxe6 23. Nc5 e5 {Brkic,A (2606)-Hamiti,G (2124) Durres ALB 2023 1-0 (47)}) 9... d3 10. Qxd3 Nc5 11. Qc2 Bg7 12. Be3 {[%emt 0:02:33] White has a king side majority} Ne6 13. c4 {[%emt 0:00:55] Threatens to win with cxd5.} dxc4 (13... O-O $14) 14. Rd1 $1 $16 {[%emt 0:00:27] White sacrificed a pawn} ({Reject} 14. Bxc4 $6 g4 15. Rd1 Qe7 16. Bxe6 gxf3 17. Bxc8 Rxc8 $14) (14. Qxc4 $6 Bd7 $14) 14... Bd7 {[%emt 0:01:10] A sharp opening} 15. Nc3 (15. Qxc4 $6 Qe7 $16) (15. Bxc4 $6 O-O $14) 15... O-O {[%emt 0:02:01] [#]} 16. Bxc6 $1 ({Don't play} 16. Bxc4 $6 g4 17. Bxe6 fxe6 $14) 16... bxc6 {[%emt 0:00:02] [#]} 17. Ne4 $1 {[%emt 0:00:01] White has more active pieces.} g4 $2 {[%emt 0:00:45] [#]} (17... Rb8 $16 18. h4 (18. Qxc4 Rxb2 19. Qd3 g4 $18) (18. Bxa7 Rb5 $16) 18... g4) 18. Bxh6 $1 $18 {[%emt 0:01:10][%mdl 512] White is clearly winning.} f5 {[%emt 0:01:44][%cal Of5e4] [#]} (18... gxf3 19. Bxg7) 19. exf6 $1 Bxh6 {[%emt 0:00:16] [#]} (19... gxf3 20. Bxg7) 20. Neg5 $1 {[%emt 0:00:03] Weighted Error Value: White=0.05 (flawless) /Black=0.54 Loses game: 	--- 	Black=1 Mistake: 	--- 	Black=1 OK: 	White=8 	Black=2 Strong: 	White=2 	---} 1-0

[Event "GCT Superbet Rapid Poland 2025"]
[Site "Warsaw"]
[Date "2025.04.28"]
[Round "8.5"]
[White "Duda, Jan-Krzysztof"]
[Black "Deac, Bogdan-Daniel"]
[Result "1-0"]
[ECO "A01"]
[WhiteElo "2739"]
[BlackElo "2668"]
[Annotator "TA"]
[PlyCount "75"]
[EventDate "2025.??.??"]
[EventType "rapid"]
[TimeControl "1500+10"]

1. b3 e5 2. Bb2 Nc6 3. e3 Nge7 4. c4 d5 5. cxd5 Nxd5 6. a3 Bd6 7. Qc2 Qf6 {[%emt 0:03:39] A01: Nimzowitsch-Larsen Opening.} ({RR} 7... Bd7 8. Nf3 Qe7 9. d3 g5 10. b4 a6 11. Nc3 Nxc3 12. Bxc3 g4 13. Nd2 O-O-O 14. Rb1 h5 15. Ne4 f5 16. Nxd6+ Qxd6 17. Be2 h4 18. O-O Rhf8 19. a4 f4 20. b5 f3 21. bxc6 Bxc6 22. Bb4 {Duda,J (2731)-Matlakov,M (2674) chess.com INT 2023 1-0 (46)}) 8. Nf3 Qg6 9. d3 Be6 $146 {[%emt 0:02:34] The position is equal.} ({RR} 9... O-O 10. Nbd2 Be6 11. Nc4 Rfe8 12. b4 f6 13. h3 Bf8 14. g4 Rad8 15. Be2 Ndxb4 16. axb4 Nxb4 17. Qa4 Nxd3+ 18. Bxd3 Qxd3 19. Ncd2 Bd5 20. e4 Bc6 21. Qb3+ Qxb3 22. Nxb3 Rd3 23. Nfd2 Bb4 24. Ke2 {Titichoca Daza,D (2205)-Rego,P (2273) Chess.com INT 2022 0-1}) ({RR} 9... a5 10. Nbd2 O-O 11. h4 Bg4 12. Be2 h5 13. Ne4 Rad8 14. Rc1 Nf6 15. Nxf6+ Qxf6 16. Ng5 Bxe2 17. Qxe2 Qg6 18. Rd1 Rfe8 19. Qf3 Be7 20. Ke2 f5 21. Kf1 Rd6 22. Qe2 Red8 23. g3 Bf6 24. Kg2 {Tomic,A (2314)-Saric,I (2673) Vrnjacka Banja SRB 2024 0-1 (42)}) ({RR} 9... O-O 10. Nbd2 Be6 11. Nc4 Rfe8 12. b4 f6 13. h3 Bf8 14. g4 Rad8 15. Be2 Ndxb4 16. axb4 Nxb4 17. Qa4 Nxd3+ 18. Bxd3 Qxd3 19. Ncd2 Bd5 20. e4 Bc6 21. Qb3+ Qxb3 22. Nxb3 Rd3 23. Nfd2 Bb4 24. Ke2 {Titichoca Daza,D (2205)-Rego,P (2273) Chess.com INT 2022 0-1}) 10. Nbd2 f6 $146 (10... O-O 11. g3 a5 12. Bg2 a4 13. O-O axb3 14. Nxb3 f6 15. e4 Nb6 16. d4 Na4 {½-½ Spartinos,P (2353)-Lushnikov,A (2310) WS MN/149 email 2016}) 11. Rc1 Rd8 12. Be2 O-O 13. O-O Kh8 14. Kh1 Qh6 15. b4 a6 16. Rg1 (16. Nc4 $11 {might be stronger.}) 16... Nde7 (16... f5 $1 $15) 17. g4 Bd5 18. Ne4 Qg6 19. Rg3 Qf7 20. Rcg1 Qe6 21. Qb1 Qd7 22. Rh3 Ng6 23. Rgg3 Bf7 24. Kg1 Rde8 (24... Kg8 $11) 25. d4 $14 {[%emt 0:01:13] White is more active.} Qe7 $2 ({Black should play} 25... Kg8 $14) 26. Bd3 Kg8 27. g5 $2 ({White should play} 27. Rh5 $1 $18) 27... f5 28. Nxd6 (28. Nf6+ $1 $14 gxf6 29. gxf6) 28... cxd6 $11 29. dxe5 (29. Bxf5 $5 e4 $8 30. Nh4 $11) 29... dxe5 {[%emt 0:00:22] Strongly threatening ...e4.} 30. Bxf5 {[%emt 0:00:04][%cal Oh3h7] A strong pair of Bishops.} Be6 (30... Rd8 $14) 31. Bxg6 $16 hxg6 32. Qxg6 {[%emt 0:00:02] Qh7+ would kill now.} Bxh3 33. Rxh3 Qe6 {[%emt 0:00:03] [#]} (33... Qd7 $16 {was necessary.} 34. Qh5 (34. Qh7+ Kf7 $16) 34... Re6) 34. Qh5 $1 $40 {[%emt 0:00:54][%mdl 128] and g6 would now be decisive Black is in trouble.} Qf5 {[%emt 0:00:20] [#]} (34... Rf5 35. Bc1 Re7 36. Qh7+ Kf8) 35. e4 $1 {[%emt 0:00:45][%mdl 512] White is clearly winning.} Qf4 36. Kg2 Re6 37. Qh7+ Kf7 38. Rh4 {[%emt 0:00:01] Weighted Error Value: White=0.16 (very precise) /Black=0.55 Loses game: 	--- 	Black=1 Missed win: 	White=1 	--- Mistake: 	White=2 	Black=5 Inaccurate: 	White=1 	Black=3 OK: 	White=6 	Black=7 Best: 	White=1 	Black=3 Strong: 	White=1 	--- Brilliant: 	White=1 	---} 1-0

[Event "GCT Superbet Rapid Poland 2025"]
[Site "Warsaw"]
[Date "2025.04.28"]
[Round "9.1"]
[White "Praggnanandhaa R"]
[Black "Duda, Jan-Krzysztof"]
[Result "1-0"]
[ECO "A47"]
[WhiteElo "2758"]
[BlackElo "2739"]
[Annotator "TA"]
[PlyCount "131"]
[EventDate "2025.??.??"]
[EventType "rapid"]
[TimeControl "1500+10"]

1. d4 Nf6 2. Nf3 e6 3. Bf4 c5 4. e3 b6 5. Nc3 cxd4 (5... a6 $11) 6. Nb5 $1 $16 {[%emt 0:02:03] A47: 1 d4 Nf6 2 Nf3 b6: Torre, London and Colle Systems.} Nd5 {[%emt 0:00:10] Dodges Nc7+} 7. Qxd4 (7. Nbxd4 Nxf4 8. exf4 Qc7 $15) 7... Nc6 8. Nd6+ (8. Qa4 $14) 8... Bxd6 $11 9. Qxg7 Bb4+ 10. c3 Bxc3+ 11. bxc3 Qf6 12. Qxf6 {[%emt 0:00:06] A sharp opening} Nxf6 13. Nd2 $146 (13. Rc1 Ne4 14. Nd2 Nxd2 15. Kxd2 Ke7 16. e4 d6 17. Bb5 Bb7 18. Bxc6 {½-½ Praneeth,S (2413)-Sidhant,M (2259) IND-ch Challengers 54th 2016 (5)}) ({RR} 13. Rc1 Ne4 14. Nd2 Nxd2 15. Kxd2 Ke7 16. e4 d6 17. Bb5 Bb7 18. Bxc6 {½-½ (18) Praneeth,S (2413)-Sidhant,M (2259) Noida 2016}) ({RR} 13. Bb5 Nd5 14. Bd6 Rg8 15. Rc1 Bb7 16. O-O f5 17. Rfd1 Nf6 18. Nd2 Na5 19. f3 Bc6 20. Be2 Ba4 21. Re1 Kf7 22. Ba6 Bc6 23. Kf2 Rg6 24. c4 Rag8 25. Rg1 Nb7 26. Bxb7 Bxb7 27. c5 b5 {Echeverria,N (2043)-Gongora Reyes,M (2436) Mislata 2008 0-1 (49)}) ({RR} 13. c4 Ne4 14. Nd2 Nxd2 15. Kxd2 e5 16. Bg3 Ba6 17. Rc1 d6 18. Bd3 Rc8 19. f4 f6 20. Bh4 O-O 21. Bf5 Rc7 22. Rhf1 Na5 23. Be6+ Kg7 24. Kd3 b5 25. cxb5 Bxb5+ 26. Ke4 Re7 27. f5 Bxf1 {Svensson,M (2151)-Ornstein,A (2287) Stockholm 2019 ½-½}) 13... Nd5 14. Bg3 Nxc3 15. a3 {[%emt 0:00:20] Repels Nb4} O-O 16. Rc1 Nd5 17. Bd6 Re8 18. e4 Nde7 19. h4 {[%emt 0:00:19][%mdl 1024] White has compensation.} Bb7 20. Rh3 f6 21. Kd1 Rac8 22. Rhc3 Kf7 23. Bb5 a6 24. Bd3 Nd4 25. Bc7 b5 26. Bb6 Rxc3 27. Rxc3 Nec6 28. Bb1 e5 29. Ba2+ Ke7 30. Bd5 Ne6 31. Rg3 Ba8 32. Nf1 Rb8 (32... Ncd4 33. Ne3 $11) (32... Kf7 $15) 33. Ne3 $1 Rxb6 34. Rg8 Kd6 35. Rxa8 Ne7 36. Rh8 $1 h5 37. g3 {[%emt 0:00:11] White is more active.} ({White should play} 37. g4 $1 $16 Nf4 38. gxh5 Nfxd5 39. exd5) 37... a5 38. Rxh5 Nxd5 39. Nxd5 $14 {[%emt 0:00:04][%mdl 4096] Endgame KRN-KRN} Rb8 (39... Rc6 $1 $14) 40. Nxf6 (40. Rf5 $1 $16) 40... b4 $11 41. axb4 Rxb4 42. Rh8 Rb1+ (42... Nd4 $1 $14) 43. Ke2 (43. Kd2 $16) 43... a4 {[%emt 0:00:10] [#] White stays focused until the end.} (43... Nd4+ $1 $11 44. Kd3 Rb3+ 45. Kc4 Rb4+ 46. Kc3 Rb3+ 47. Kc4) 44. Ra8 ({Only move:} 44. Kf3 $1 $16) 44... Ra1 $2 {[%emt 0:00:11][%mdl 8192] [#]} (44... Nd4+ $11 45. Kd3 Rd1+ 46. Kc3 Rc1+ 47. Kb4 Rb1+ 48. Kc3 (48. Kxa4 $2 {loses.} Ra1+ 49. Kb4 Rxa8 $19) 48... Rc1+) 45. Kf3 $1 $18 a3 46. h5 Ke7 47. Nd5+ Kf7 48. Kg4 {[%emt 0:00:09] Prevents Ng5.} Nc5 49. f3 a2 50. Ra7 Kg7 51. Ne3 Kf6 (51... Kh6 $142 52. Ra3 Ne6) 52. Nc2 {[%emt 0:00:18] White is clearly winning.} Rh1 53. Rxa2 Ke6 54. Ne3 Kf6 55. Rb2 Nd3 56. Rd2 Nc5 57. Rd5 Rc1 58. Rd6+ Kf7 59. h6 Re1 60. Nf5 {[%emt 0:00:05] h7 would kill now.} Rh1 61. Nh4 {[%emt 0:00:02] Black must now prevent h7.} Ra1 62. Ng6 Rh1 63. Nxe5+ Ke7 64. Rd5 Ne6 65. Rxd7+ Kf6 66. f4 {[%emt 0:00:06] Weighted Error Value: White=0.17 (very precise) /Black=0.34 Loses game: 	--- 	Black=1 Mistake: 	White=5 	Black=6 Inaccurate: 	White=2 	Black=2 OK: 	White=21 	Black=21 Best: 	White=4 	Black=2 Strong: 	White=3 	---} 1-0